Map: Odyssey LE

Players

ROBOTOSS - Winner!

  • Race: Protoss Protoss
  • League: Diamond
  • Spawn Location: 11:00

TBO

  • Race: Protoss Protoss
  • League: Diamond
  • Spawn Location: 5:00

VOD

Have the link to the VOD?

Description

Time

  • Played on: Dec. 20, 2017, 10:36 p.m.
  • Length: 16:06
Show
View Real Time Build Order
Export as new Build Order

ROBOTOSS Protoss - Winner!

Build Orders: Cannon Rush 

Get SALT Encoding   

  12  0:01  Probe (Chrono Boost)  
  13  0:12  Probe (Chrono Boost)  
  14  0:17  Pylon  
  14  0:21  Probe  
  15  0:35  Probe  
  15  0:39  Forge  
  16  0:48  Probe  
  17  1:06  Pylon  
  17  1:13  Pylon  
  17  1:14  Pylon  
  17  1:24  Photon Cannon  
  17  1:33  Photon Cannon  
  16  1:45  Photon Cannon  
  15  1:57  Probe (Chrono Boost)  
  17  2:09  Probe (Chrono Boost)  
  17  2:15  Probe (Chrono Boost)  
  18  2:41  Photon Cannon  
  18  2:42  Photon Cannon  
  18  2:46  Photon Cannon  
  18  2:48  Photon Cannon  
  18  2:50  Photon Cannon  
  18  2:52  Pylon  
  18  2:57  Pylon  
  17  3:19  Probe  
  18  3:21  Assimilator  
  18  3:25  Assimilator  
  18  3:29  Gateway  
  18  3:31  Photon Cannon  
  18  3:36  Pylon  
  18  3:50  Probe (Chrono Boost)  
  19  4:01  Probe (Chrono Boost)  
  20  4:07  Probe (Chrono Boost)  
  21  4:16  Probe (Chrono Boost)  
  21  4:23  Cybernetics Core  
  21  4:28  Probe (Chrono Boost)  
  21  4:29  Pylon  
  22  4:44  Pylon  
  22  5:06  Robotics Facility, Sentry  
  24  5:49  Sentry  
  26  5:58  Immortal (Chrono Boost)  
  26  6:00  Photon Cannon  
  30  6:06  Photon Cannon  
  30  6:10  Pylon  
  30  6:11  Gateway  
  30  6:15  Gateway  
  30  6:18  Sentry  
  32  6:29  Immortal  
  36  6:44  Sentry  
  38  7:00  Sentry  
  40  7:07  Adept  
  44  7:25  Immortal (Chrono Boost), Adept (Chrono Boost)  
  44  7:27  Pylon  
  48  7:30  Pylon  
  48  7:36  Adept (Chrono Boost)  
  48  7:37  Adept (Chrono Boost)  
  54  7:51  Adept (Chrono Boost)  
  54  7:55  Adept x2  
  54  7:57  Immortal  
  59  8:40  Adept x2  
  63  9:02  Adept  
  63  9:07  Adept  
  63  9:08  Adept  
  51  9:29  Adept  
  23  11:00  Probe  
  20  11:14  Probe (Chrono Boost)  
  13  12:23  Probe (Chrono Boost)  
  13  12:27  Immortal  
  16  12:32  Probe (Chrono Boost)  
  15  12:41  Probe  
  16  12:45  Stalker  
  16  12:46  Stalker  
  16  12:49  Stalker  
  22  13:06  Immortal  
  26  13:15  Adept (Chrono Boost)  
  28  13:23  Adept (Chrono Boost)  
  30  13:34  Adept (Chrono Boost)  
  32  13:41  Adept (Chrono Boost)  
  34  14:21  Probe  
  35  14:34  Probe  
Show
View Real Time Build Order
Export as new Build Order

TBO Protoss 

Build Orders:  

Get SALT Encoding   

  12  0:00  Probe  
  13  0:13  Probe  
  14  0:18  Pylon  
  14  0:25  Probe  
  15  0:37  Probe (Chrono Boost)  
  15  0:40  Gateway  
  16  0:49  Probe (Chrono Boost), Assimilator  
  17  0:54  Probe (Chrono Boost)  
  18  1:03  Probe  
  19  1:07  Gateway  
  19  1:15  Probe  
  20  1:27  Probe, Zealot (Chrono Boost)  
  23  2:01  Pylon  
  21  2:07  Cybernetics Core  
  21  2:09  Pylon  
  21  2:10  Probe  
  22  2:22  Gateway  
  21  2:28  Probe  
  22  2:33  Gateway  
  22  2:40  Probe  
  22  2:42  Stalker (Chrono Boost)  
  25  2:52  Pylon  
  25  2:57  Cybernetics Core  
  25  3:18  Stalker (Chrono Boost)  
  27  3:26  Stalker (Chrono Boost)  
  29  3:40  Stalker  
  31  3:42  Assimilator  
  31  3:47  Pylon  
  31  3:48  Pylon  
  31  4:06  Warp Gate (Chrono Boost)  
  31  4:10  Stalker  
  31  4:11  Stalker  
  33  4:24  Pylon  
  33  4:27  Probe  
  34  4:39  Probe  
  34  4:42  Stalker, Twilight Council  
  37  4:49  Shield Battery  
  37  5:01  Stalker  
  37  5:06  Probe  
  38  5:13  Gateway  
  38  5:18  Probe  
  39  5:41  Blink (Chrono Boost)  
  37  5:58  Probe  
  38  6:07  Stalker x2  
  42  6:12  Nexus  
  42  6:14  Pylon  
  42  6:15  Probe  
  43  6:32  Robotics Facility  
  43  6:35  Shield Battery  
  43  6:39  Stalker  
  45  6:41  Stalker  
  45  6:45  Probe  
  48  7:00  Probe  
  49  7:12  Probe  
  48  7:23  Observer  
  48  7:24  Probe x2  
  47  7:32  Pylon  
  47  7:36  Probe x2  
  47  7:37  Assimilator  
  49  7:39  Assimilator  
  49  7:47  Observer  
  49  7:48  Probe x2  
  52  7:56  Forge  
  52  7:57  Forge  
  52  8:00  Probe  
  52  8:01  Probe  
  52  8:04  Charge (Chrono Boost)  
  54  8:13  Probe x2  
  56  8:25  Probe x2  
  56  8:35  Stalker x3  
  56  8:37  Probe x2  
  56  8:38  Immortal (Chrono Boost)  
  68  8:43  Shield Battery  
  68  8:47  Shield Battery  
  68  8:49  Probe x2  
  70  8:55  Protoss Ground Armor Level 1  
  70  8:56  Protoss Ground Weapons Level 1  
  50  9:23  Zealot x2  
  50  9:24  Zealot  
  42  9:33  Shield Battery  
  42  9:35  Immortal (Chrono Boost)  
  36  9:46  Stalker  
  36  9:47  Stalker  
  40  10:04  Stalker  
  36  10:11  Sentry  
  36  10:25  Stalker  
  30  10:36  Stalker  
  30  10:40  Probe  
  23  10:57  Probe  
  22  11:12  Probe  
  22  11:14  Sentry  
  25  11:23  Stalker  
  27  11:31  Stalker  
  27  11:45  Stalker  
  19  12:09  Probe x2  
  19  12:15  Sentry  
  17  12:30  Probe  
  18  12:40  Probe  
  19  12:45  Probe  
  20  12:52  Probe  
  20  12:58  Probe  
  22  13:04  Probe  
  23  13:10  Probe  
  24  13:16  Probe  
  25  13:22  Probe  
  26  13:28  Probe  
  28  13:34  Probe  
  28  13:36  Stalker  
  28  13:40  Probe  
  31  13:46  Probe (Chrono Boost)  
  32  13:53  Probe (Chrono Boost)  
  33  13:56  Stalker  
  33  13:58  Probe (Chrono Boost)  
  33  14:02  Probe (Chrono Boost), Observer  
  38  14:05  Probe (Chrono Boost)  
  38  14:09  Stalker  
  41  14:16  Probe  
  42  14:17  Probe  
  42  14:21  Stalker  
  45  14:28  Probe (Chrono Boost)  
  46  14:36  Probe (Chrono Boost)  
  46  14:37  Stalker  
  49  14:39  Stalker  
  49  14:40  Probe (Chrono Boost)  
  52  14:47  Probe (Chrono Boost)  
  51  14:56  Stalker  
  20  15:21  Stalker  
  20  15:22  Sentry  
Tags
 
Matchup
PvP
Spawn Locations
Cross Positions
Add a new tag
Caveats
  • Supply blocks, unpowered buildings, or Contaminate may cause inaccurate times.
  • Supply counts are checked every 10 seconds.